 Dungeon Sprint DCSS version 0.26-a0-652-gafc20e3620 (webtiles) character file.

Game seed: 16696525553258295827

1474 TerrariaFan the Unseen (level 8, -10/36 HPs)
             Began as a Spriggan Enchanter on Oct 3, 2020.
             Was an Initiate of Dithmenos.
             Shot with an arrow by a centaur warrior (18 damage)
             ... in the Dungeon (Sprint I: "Red Sonja").
             The game lasted 00:02:22 (891 turns).

TerrariaFan the Unseen (Spriggan Enchanter)          Turns: 891, Time: 00:02:23

Health: -10/36     AC:  4    Str:  5    XL:     8   Next: 49%
Magic:  22/22      EV: 20    Int: 18    God:    Dithmenos [......]
Gold:   719        SH:  0    Dex: 16    Spells: 16/25 levels left

rFire    . . .     SeeInvis +   a - +1 dagger
rCold    . . .     Faith    .   (shield restricted)
rNeg     . . .     Spirit   .   n - +0 troll leather armour
rPois    .         Reflect  .   (helmet restricted)
rElec    .         Harm     .   (no cloak)
rCorr    .         Rampage  .   (gloves unavailable)
MR       +....     NoTele   +   (boots unavailable)
Stlth    +++.......             (no amulet)
HPRegen  0.52/turn              (no ring)
MPRegen  0.18/turn              (no ring)

@: slow
A: very small, unfitting armour, see invisible, speed 3
a: Renounce Religion


You were in the Dungeon.
You worshipped Dithmenos.
Dithmenos was noncommittal.
You visited 1 branch You collected 719 gold pieces.

Inventory:

Hand Weapons
 a - a +1 dagger (weapon)
Missiles
 c - 17 poisoned darts (quivered)
Armour
 b - a +0 robe
 n - a +0 troll leather armour (worn)
Jewellery
 l - a cursed ring of attention {unknown}
Scrolls
 i - a scroll of blinking
 j - a scroll of magic mapping {unknown}
 m - a scroll of immolation {unknown}
 o - a scroll of identify {unknown}
 p - a scroll of brand weapon {unknown}
Potions
 d - 3 potions of curing
 f - a potion of haste
 g - 3 potions of magic
 h - 2 potions of berserk rage
 k - a potion of degeneration {unknown}


   Skills:
 + Level 6.4 Short Blades
 + Level 6.4 Dodging
 + Level 16.3 Stealth
 + Level 5.3 Unarmed Combat
 + Level 9.0 Spellcasting
 + Level 11.9 Hexes
 + Level 1.5 Ice Magic


You had 16 spell levels left.
You knew the following spells:

 Your Spells              Type           Power        Failure   Level
a - Corona                Hex            ######.      1%          1
b - Ensorcelled Hibernat  Hex/Ice        ####..       1%          2
c - Tukima's Dance        Hex            ######..     1%          3
d - Confusing Touch       Hex            ######..     1%          3

Your spell library contained the following spells:

 Spells                   Type           Power        Failure   Level
 Dazzling Flash           Conj/Hex       ####..       3%          3


Dungeon Overview and Level Annotations

Branches:
Dungeon (1/1)

Altars:
Cheibriados
Dithmenos
Elyvilon
Fedhas
Gozag
Hepliaklqana
Kikubaaqudgha
Nemelex Xobeh
Okawaru
Qazlal
Ru
Sif Muna
Trog
Uskayaw
Vehumet
Wu Jian
Yredelemnul
Zin
The Shining One

Shops:
D (![


Innate Abilities, Weirdness & Mutations

You are very small and have problems with some larger weapons.
You are too small for most types of armour.
You have supernaturally acute eyesight. (SInv)
You cover ground extremely quickly.


Message History

You enter the shallow water.
Moving in this stuff is going to be slow.
The centaur warrior shouts! x2
The centaur warrior wields a +0 longbow.
The centaur warrior shoots an arrow.
The arrow hits you!
The centaur warrior wields a +0 shortbow.
The centaur warrior shoots an arrow.
The arrow hits you!
* * * LOW HITPOINT WARNING * * *
You hear a splash.
The centaur warrior shoots an arrow.
The arrow hits you.
* * * LOW HITPOINT WARNING * * *
You hear a splash.
You see here 2 arrows.
You feel much better.
The centaur warrior shoots an arrow.
The arrow hits you!!
Ouch! That really hurt!
* * * LOW HITPOINT WARNING * * *
You hear a splash.
The centaur warrior shoots an arrow.
The arrow hits you!!
Ouch! That really hurt!
You die...

##############
.#..'..#..'..#
.'[.#.)[).#..+
.#####'#####'# ###
.####..#...#(####$§#
.#__####..##.#§§§§c#
.#_____##'#_.+§§§§§+
⌠#_.∩...'..._#§§@§c#
##_..__##_.#'##§####
#_____###'#.#§§)[###
##########.####'###.##
........'...'..†..'.∩#
#++++####.).##########
###.### #.#'#.#
#.....#


You could see 2 centaur warriors.

Vanquished Creatures
  Sonja (D)
  A deep troll (D)
  A yak (D)
  An ogre (D)
  A jelly (D)
  Ijyb (D)
6 creatures vanquished.

Vanquished Creatures (collateral kills)
  Sigmund (D)
1 creature vanquished.

Vanquished Creatures (others)
  2 ballistomycete spores (D)
2 creatures vanquished.

Grand Total: 9 creatures vanquished

Notes
Turn   | Place    | Note
-------+----------+-------------------------------------------
     0 | D        | TerrariaFan the Spriggan Enchanter began the quest for the
                  | Orb.
     0 | D        | Reached XP level 1. HP: 9/9 MP: 5/5
     2 | D        | Noticed Ijyb
    32 | D        | Killed Ijyb
    32 | D        | Reached skill level 6 in Stealth
    32 | D        | Reached skill level 1 in Unarmed Combat
    32 | D        | Reached skill level 5 in Hexes
    32 | D        | Reached XP level 2. HP: 12/13 MP: 5/7
    56 | D        | Learned a level 2 spell: Ensorcelled Hibernation
    57 | D        | Noticed an ogre
    64 | D        | Killed an ogre
    64 | D        | Reached skill level 9 in Stealth
    64 | D        | Reached XP level 3. HP: 16/16 MP: 8/10
    64 | D        | Reached XP level 4. HP: 21/21 MP: 8/11
    69 | D        | Learned a level 3 spell: Tukima's Dance
    73 | D        | Learned a level 3 spell: Confusing Touch
   172 | D        | Noticed Sigmund
   179 | D        | Killed Sigmund
   179 | D        | Reached skill level 5 in Dodging
   179 | D        | Reached skill level 10 in Stealth
   179 | D        | Reached skill level 5 in Spellcasting
   179 | D        | Reached XP level 5. HP: 17/24 MP: 4/14
   284 | D        | Found an ornate altar of the Wu Jian Council.
   284 | D        | Found a shimmering blue altar of Sif Muna.
   286 | D        | Found a radiant altar of Vehumet.
   324 | D        | Found Uwiotzoh's Distillery.
   324 | D        | Found an ancient bone altar of Kikubaaqudgha.
   324 | D        | Found a hazy altar of Hepliaklqana.
   324 | D        | Found a stormy altar of Qazlal.
   324 | D        | Found a hide-covered altar of Uskayaw.
   324 | D        | Found a blossoming altar of Fedhas.
   324 | D        | Found a bloodstained altar of Trog.
   324 | D        | Found an iron altar of Okawaru.
   324 | D        | Found a basalt altar of Yredelemnul.
   324 | D        | Found a glowing golden altar of the Shining One.
   324 | D        | Found a snail-covered altar of Cheibriados.
   324 | D        | Found a sacrificial altar of Ru.
   324 | D        | Found a glowing silver altar of Zin.
   324 | D        | Found a shadowy altar of Dithmenos.
   324 | D        | Found a white marble altar of Elyvilon.
   324 | D        | Noticed a yak
   325 | D        | Found an opulent altar of Gozag.
   326 | D        | Killed a yak
   326 | D        | Reached skill level 12 in Stealth
   326 | D        | Reached XP level 6. HP: 28/28 MP: 14/16
   327 | D        | Found a sparkling altar of Nemelex Xobeh.
   348 | D        | Became a worshipper of Dithmenos the Shadowed
   357 | D        | Noticed Sonja
   361 | D        | Killed Sonja
   361 | D        | Reached skill level 5 in Short Blades
   361 | D        | Reached skill level 15 in Stealth
   361 | D        | Reached skill level 1 in Ice Magic
   361 | D        | Reached XP level 7. HP: 32/32 MP: 16/19
   395 | D        | Found Setias's Antique Weapon Boutique.
   773 | D        | Noticed a deep troll
   789 | D        | Killed a deep troll
   789 | D        | Reached skill level 16 in Stealth
   789 | D        | Reached skill level 5 in Unarmed Combat
   789 | D        | Reached XP level 8. HP: 36/36 MP: 20/22
   867 | D        | Found Ixuhodio's Armour Emporium.
   888 | D        | Noticed a centaur warrior
   888 | D        | Noticed a centaur warrior
   891 | D        | Shot with an arrow by a centaur warrior

Illustrated notes

Levels and vault maps discovered:
D:        dungeon_sprint_1 [red_sonja_temple_1, red_sonja_temple_small_1]

Skill      XL: |  1  2  3  4  5  6  7 |
---------------+----------------------+-----
Stealth        | 6 9 10 12 15 16 | 16.3
Unarmed Combat | 1 2 3 4 5 |  5.3
Spellcasting   | 3 4 5 6 8 9 |  9.0
Hexes          | 5 7 8 9 11 | 11.9
Short Blades   | 2 4 5 6 |  6.4
Dodging        | 4 5 6 |  6.4
Ice Magic      | 1 |  1.5

Action                   |  1- 3 |  4- 6 |  7- 9 || total
-------------------------+-------+-------+-------++-------
Melee: Unarmed           |    22 |       |       ||    22
       Dagger            |    10 |     3 |     1 ||    14
 Cast: Ensorcelled Hiber |       |     2 |       ||     2
       Tukima's Dance    |       |     1 |       ||     1
  Use: Potion            |       |       |     1 ||     1
 Stab: Confused          |     2 |       |       ||     2
       Sleeping          |     1 |     3 |     1 ||     5
Armor: Skin              |     2 |       |       ||     2
Dodge: Dodged            |    17 |       |       ||    17

Table legend: (Time is in decaauts)
 A = Elapsed time spent in this place.
 B = Non-inter-level travel time spent in this place.
 C = Inter-level travel time spent in this place.
 D = Time resting spent in this place.
 E = Time spent auto-exploring this place.
 F = Levels seen in this place.
 G = Mean time per level.
                   A        B        C        D        E       F      G
               +--------+--------+--------+--------+--------+-----+--------+
         Total |    823 |    819 |      4 |    578 |      0 |   1 |  823.0 |
       Dungeon |    823 |    819 |      4 |    578 |      0 |   1 |  823.0 |
               +--------+--------+--------+--------+--------+-----+--------+

Top non-repeatable levels by time:
       D: 823 daAuts
